 Dungeon Crawl Stone Soup version 0.29.1-2-gbd0b4ee654 (webtiles) character file.

Game seed: 4823690616722732180

23 KittyFluff the Trooper (level 2, 0/30 HPs)
             Began as a Gargoyle Berserker on Nov 27, 2022.
             Was a Follower of Trog.
             Slain by a kobold
             ... wielding a +0 short sword
              (2 damage)
             ... on level 2 of the Dungeon.
             The game lasted 00:04:05 (810 turns).

KittyFluff the Trooper (Gargoyle Berserker)          Turns: 810, Time: 00:04:06

Health: 0/30       AC:  5    Str: 20    XL:     2   Next: 95%
Magic:  2/2        EV:  9    Int:  7    God:    Trog [*.....]
Gold:   43         SH:  0    Dex:  9    Spells: 1/1 levels left

rFire   . . .      SeeInvis .   a - +0 mace
rCold   . . .      Faith    .   (no shield)
rNeg    + . .      Spirit   .   b - +0 animal skin
rPois   ∞          Reflect  .   (no helmet)
rElec   +          Harm     .   (no cloak)
rCorr   .          Rampage  .   (no gloves)
Will    .....                   (no boots)
Stlth   ..........              (no amulet)
HPRegen 0.10/turn               (no ring)
MPRegen 0.08/turn               (no ring)

@: berserking, constricted, very quick
A: sickness immunity, AC +2, negative energy resistance 1, electricity
resistance, torment resistance 1, petrification resistance
a: Renounce Religion, Berserk


You were on level 2 of the Dungeon.
You worshipped Trog.
Trog was aware of your devotion.
You visited 1 branch of the dungeon, and saw 2 of its levels.

You collected 43 gold pieces.

Inventory:

Hand Weapons
 a - a +0 mace (weapon)
 l - a +0 sling
Missiles
 e - 5 stones (quivered)
Armour
 b - a +0 animal skin (worn)
 g - a +0 leather armour
Scrolls
 c - a scroll of teleportation {unknown}
 f - 2 scrolls of identify {unknown}
 i - a scroll of butterflies {unknown}
 j - a scroll of poison {unknown}
 m - a scroll of fear {unknown}
Potions
 d - a potion of cancellation {unknown}
 h - a potion of haste {unknown}
 k - 2 potions of mutation {unknown}
 n - a potion of curing {unknown}
 o - a potion of magic {unknown}


   Skills:
 + Level 3.8 Fighting
 + Level 3.4 Maces & Flails
 * Level 2.3 Armour
 + Level 1.7 Dodging


You had one spell level left.
You didn't know any spells.
Your spell library was empty.

Dungeon Overview and Level Annotations

Branches:
Dungeon (2/15)

Altars:


Innate Abilities, Weirdness & Mutations

You are immune to sickness and miasma.
Your stone body is resilient. (AC +2)
You are immune to poison.
You resist negative energy. (rN+)
You are resistant to electric shocks. (rElec)
You are resistant to unholy torment.
You are immune to petrification.


Message History

The ball python constricts you. The giant cockroach closely misses you.
The ball python bites you. The ball python constricts you.
The kobold hits you but does no damage. The goblin hits you with a +0 club.
The rat bites you.
You sock the giant cockroach!
You kill the giant cockroach!
Trog accepts your kill.
The ball python bites you but does no damage.
The ball python constricts you. The kobold hits you but does no damage.
The rat bites you. The goblin hits you with a +0 club.
* * * LOW HITPOINT WARNING * * *
You hit the goblin but do no damage.
The ball python bites you but does no damage.
The ball python constricts you. The kobold hits you but does no damage.
The rat barely misses you. The goblin barely misses you.
You sock the goblin!
You kill the goblin!
Trog accepts your kill. The ball python barely misses you.
The ball python constricts you. The kobold hits you but does no damage.
The rat twitches its whiskers.
The rat bites you.
* * * LOW HITPOINT WARNING * * *
The ball python barely misses you. The ball python constricts you.
You escape the ball python's grasp.
The kobold attacks as you move away! The kobold hits you but does no damage.
The rat barely misses you.
There is a stone staircase leading up here.
You hit the kobold.
The kobold is severely wounded.
The kobold hits you but does no damage. The rat barely misses you.
The ball python closely misses you. x2
The kobold hits you with a +0 short sword.
* * * LOW HITPOINT WARNING * * *
The rat bites you but does no damage.
A red film seems to cover your vision as you go berserk!
You feel yourself moving faster!
You feel mighty!
The ball python bites you but does no damage.
The ball python grabs you. The ball python constricts you.
The kobold hits you with a +0 short sword.
You die...

.. ##.#... ..#
..##.....##..#
?............#
.............#
.......!....#
(...........#
........)...#
.....(..KS#
.......r@.#
................
#............###
[...............
..............##
#............##
..........##.#
##...###.. .#


You could see a ball python, a kobold and a rat.

Vanquished Creatures
  A dart slug (D:1)
  3 ball pythons (D:1)
  3 endoplasms (D:1)
  2 giant cockroaches
  3 goblins
  2 kobolds (D:1)
  A bat (D:1)
  A frilled lizard (D:1)
  3 rats
19 creatures vanquished.

Notes
Turn   | Place    | Note
-------+----------+-------------------------------------------
     0 | D:1      | KittyFluff the Gargoyle Berserker began the quest for the
                  | Orb.
     0 | D:1      | Reached XP level 1. HP: 14/14 MP: 1/1
   186 | D:1      | Reached XP level 2. HP: 19/19 MP: 2/2
   466 | D:1      | Found a faded altar of an unknown god.
   809 | D:2      | HP: 1/20 [kobold/+0 short sword (3)]
   810 | D:2      | Slain by a kobold

Illustrated notes

Levels and vault maps discovered:
D:1:      onia_arrival_pentagram, layout_loops_corners,
          ebering_ecumenical_altar_box
D:2:      layout_rooms, chequers_serial_rivers_room_a, minmay_box_of_dots

Action                   || total
-------------------------++-------
Melee: Mace              ||    41
       Punch             ||     2
Invok: Berserk           ||     1
Armor: Animal skin       ||    26
Dodge: Dodged            ||    40
